 Dungeon Crawl Stone Soup version 0.30-a0-305-g026cb31310 (webtiles) character file.

Game seed: 449221924247261689

49 greenreed the Poker (level 3, -4/31 HPs)
             Began as a Gnoll Reaver on Oct 21, 2022.
             Slain by a gnoll
             ... wielding a +0 halberd
              (12 damage)
             ... on level 4 of the Dungeon.
             The game lasted 00:02:30 (1368 turns).

greenreed the Poker (Gnoll Reaver)                  Turns: 1368, Time: 00:02:31

Health: -4/31      AC:  3    Str: 13    XL:     3   Next: 75%
Magic:  9/9        EV: 12    Int: 12    God:
Gold:   49         SH:  0    Dex: 10    Spells: 9/12 levels left

rFire   . . .      SeeInvis .    a - +0 spear
rCold   + . .      Faith    .    (no shield)
rNeg    . . .      Spirit   .    b - +0 leather armour
rPois   .          Reflect  .    (no helmet)
rElec   .          Harm     .    (no cloak)
rCorr   .          Rampage  .    (no gloves)
Will    .....                    (no boots)
Stlth   +.........               (no amulet)
HPRegen 0.25/turn                h - ring of protection from cold
MPRegen 0.11/turn                (no ring)

@: no status effects
A: fangs 1, strong nose, distributed training
a: no special abilities


You were on level 4 of the Dungeon.
You visited 1 branch of the dungeon, and saw 3 of its levels.

You collected 49 gold pieces.

Inventory:

Hand Weapons
 a - a +0 spear (weapon)
Missiles
 f - 5 poisoned darts
Armour
 b - a +0 leather armour (worn)
Jewellery
 h - a ring of protection from cold (left hand)
Scrolls
 g - a scroll of blinking {unknown}
 i - a scroll of identify {unknown}
Potions
 c - a potion of curing {unknown}
 d - a potion of cancellation {unknown}
 e - a potion of brilliance {unknown}
 j - 2 potions of heal wounds {unknown}


   Skills:
 + Level 4.6 Fighting
 + Level 1.0 Short Blades
 + Level 1.0 Long Blades
 + Level 1.0 Axes
 + Level 1.0 Maces & Flails
 + Level 6.5 Polearms
 + Level 1.0 Staves
 + Level 1.0 Ranged Weapons
 + Level 1.0 Throwing
 + Level 1.0 Armour
 + Level 4.6 Dodging
 + Level 1.0 Stealth
 + Level 1.0 Shields
 + Level 1.0 Unarmed Combat
 + Level 5.0 Spellcasting
 + Level 5.4 Conjurations
 + Level 0.7 Hexes
 + Level 0.7 Summonings
 + Level 0.7 Necromancy
 + Level 0.7 Translocations
 + Level 0.7 Transmutations
 + Level 0.7 Fire Magic
 + Level 0.7 Ice Magic
 + Level 0.7 Air Magic
 + Level 0.7 Earth Magic
 + Level 0.7 Poison Magic
 + Level 1.0 Invocations
 + Level 1.0 Evocations


You had 9 spell levels left.
You knew the following spells:

 Your Spells              Type           Power      Damage    Failure   Level
a - Kiss of Death         Conj/Necr      40%        2d8       7%          1
b - Momentum Strike       Conj/Tloc      20%        3d8       11%         2

Your spell library contained the following spells:

 Spells                   Type           Power      Damage    Failure   Level
 Shock                    Conj/Air       40%        1d5       7%          1
 Hailstorm                Conj/Ice       10%        3d5       22%         3
 Swiftness                Air            4%         N/A       50%         3
 Airstrike                Air            2%         2d(1-17)  88%         4


Dungeon Overview and Level Annotations

Branches:
Dungeon (2/15)

Altars:


Innate Abilities, Weirdness & Mutations

You have very sharp teeth.
Your uncanny sense of smell can sniff out nearby items.
Your experience applies equally to all skills.


Message History

HP restored. 2 gnolls come into view.
The gnoll shouts! x2; You hear a shout!
A gnoll comes into view. It is wielding a +0 flail.
The gnoll moves out of view.
The gnoll shouts!
A gnoll bouda comes into view.
It is wielding a +0 club and wearing a +0 leather armour of cold resistance.
You reach to attack!
You barely miss the gnoll. The gnoll barely misses you.
The gnoll bouda barks out a call to the hunt!
The gnolls pick up the pace!
The gnoll barely misses you.
Things that are here:
a +0 dagger; a goblin corpse You see here a +0 whip.
The gnoll barely misses you. The gnoll misses you.
The gnoll is no longer moving quickly.
The gnoll barely misses you.
The gnoll is no longer moving quickly.
The gnoll barely misses you.
The gnoll is no longer moving quickly.
Found a scroll labelled ELETHE JUSM and 14 gold pieces.
An iguana comes into view.
You see here a scroll labelled ELETHE JUSM.
The iguana hisses angrily.
Found 11 gold pieces.
Found a robe and a buckler.
The gnoll barely misses you.
A gnoll comes into view. It is wielding a +0 flail.
The gnoll shouts!
You hear a shout! x2
A gnoll comes into view. It is wielding a +0 halberd.
The gnoll shouts! 2 gnolls come into view.
The gnoll shouts!
The gnoll hits you from afar with a +0 halberd!
The gnoll moves out of view.
The gnoll hits you from afar with a +0 halberd!
* * * LOW HITPOINT WARNING * * *
The gnoll barely misses you. The gnoll closely misses you. x2
The gnoll attacks as you move away! The gnoll hits you with a +0 halberd!
You die...

# .#. #. ..
#.###.. .....##
..... g..###.##
##+##gg......
####..##@##
#.l.g...g.#
#.#######......
###.# ..####
#.g.# .#..
#g### #.#.##
###### #l#[+
+.#.# #.....
#.### #.#l#####
#g###. #.g[#
#.#.g...# #g#
#.


You could see an iguana and 5 gnolls.

Vanquished Creatures
  An adder (D:2)
  An ufetubus (D:4)
  A worm (D:2)
  A ball python (D:1)
  3 endoplasms
  3 giant cockroaches (D:1)
  3 goblins
  A hobgoblin (D:1)
  5 jackals (D:1)
  3 kobolds
  2 bats
  A frilled lizard (D:1)
  4 rats (D:1)
29 creatures vanquished.

Notes
Turn   | Place    | Note
-------+----------+-------------------------------------------
     0 | D:1      | greenreed the Gnoll Reaver began the quest for the Orb.
     0 | D:1      | Reached XP level 1. HP: 20/20 MP: 6/6
   111 | D:1      | Reached XP level 2. HP: 18/26 MP: 7/7
  1039 | D:2      | Reached skill level 5 in Spellcasting
  1039 | D:2      | Reached XP level 3. HP: 27/31 MP: 7/9
  1052 | D:2      | Learned a level 2 spell: Momentum Strike
  1098 | D:2      | Reached skill level 1 in Invocations
  1199 | D:2      | You fall into a shaft and drop 2 floors!
  1248 | D:4      | Reached skill level 1 in Short Blades
  1248 | D:4      | Reached skill level 1 in Long Blades
  1248 | D:4      | Reached skill level 1 in Axes
  1248 | D:4      | Reached skill level 1 in Maces & Flails
  1248 | D:4      | Reached skill level 1 in Staves
  1248 | D:4      | Reached skill level 1 in Ranged Weapons
  1248 | D:4      | Reached skill level 1 in Throwing
  1248 | D:4      | Reached skill level 1 in Armour
  1248 | D:4      | Reached skill level 1 in Stealth
  1248 | D:4      | Reached skill level 1 in Shields
  1248 | D:4      | Reached skill level 1 in Unarmed Combat
  1248 | D:4      | Reached skill level 1 in Evocations
  1368 | D:4      | Slain by a gnoll

Illustrated notes

Levels and vault maps discovered:
D:1:      dpeg_arrival_prison, layout_loops_ring
D:2:      layout_basic, minmay_tetromino_o2
D:4:      layout_basic, trog_hazing_becter, minmay_misc_feat_nine_boxes,
          grunt_tough_drop, uniq_ijyb

Skill      XL: |  1  2  3 |
---------------+----------+-----
Spellcasting   | 5 |  5.0
Invocations    | 1 |  1.0
Short Blades   | 1 |  1.0
Long Blades    | 1 |  1.0
Axes           | 1 |  1.0
Maces & Flails | 1 |  1.0
Staves         | 1 |  1.0
Ranged Weapons | 1 |  1.0
Throwing       | 1 |  1.0
Armour         | 1 |  1.0
Stealth        | 1 |  1.0
Shields        | 1 |  1.0
Unarmed Combat | 1 |  1.0
Evocations     | 1 |  1.0
Fighting       | |  4.6
Polearms       | |  6.5
Dodging        | |  4.6
Conjurations   | |  5.4
Hexes          | |  0.7
Summonings     | |  0.7
Necromancy     | |  0.7
Translocations | |  0.7
Transmutations | |  0.7
Fire Magic     | |  0.7
Ice Magic      | |  0.7
Air Magic      | |  0.7
Earth Magic    | |  0.7
Poison Magic   | |  0.7

Action                   || total
-------------------------++-------
Melee: Spear             ||   123
       Bite              ||    10
       Punch             ||     2
Armor: Leather armour    ||    20
Dodge: Dodged            ||    74

Table legend: (Time is in decaauts)
 A = Elapsed time spent in this place.
 B = Non-inter-level travel time spent in this place.
 C = Inter-level travel time spent in this place.
 D = Time resting spent in this place.
 E = Time spent auto-exploring this place.
 F = Levels seen in this place.
 G = Mean time per level.
                   A        B        C        D        E       F      G
               +--------+--------+--------+--------+--------+-----+--------+
         Total |   1339 |   1314 |     25 |      0 |   1044 |   3 |  446.3 |
       Dungeon |   1339 |   1314 |     25 |      0 |   1044 |   3 |  446.3 |
               +--------+--------+--------+--------+--------+-----+--------+

Top non-repeatable levels by time:
     D:1: 973 daAuts
     D:2: 200 daAuts
     D:4: 165 daAuts
